 Dungeon Crawl Stone Soup version 0.32-a0-779-g362cfcae2a (webtiles) character file.

Game seed: 9038074694507784677

1591 ragingrage the Skirmisher (level 8, 0/54 HPs)
             Began as a Coglin Shapeshifter on Mar 20, 2024.
             Was a Follower of Ru.
             Slain by a steam dragon (2 damage)
             ... on level 5 of the Dungeon.
             The game lasted 00:07:38 (6278 turns).

ragingrage the Skirmisher (Coglin Shapeshifter)     Turns: 6278, Time: 00:07:39

Health: 0/54       AC:  4    Str: 14    XL:     8   Next: 93%
Magic:  8/8        EV: 11    Int: 10    God:    Ru [*.....]
Gold:   127        SH:  0    Dex: 16    Spells: 7/7 levels left

rFire   . . .        f - +0 sling {Eadwine}
rCold   . . .        k - +0 sling {Mariya}
rNeg    . . .        y - +2 robe {Will+}
rPois   .            (helmet currently unavailable)
rElec   .            (cloak currently unavailable)
rCorr   .            (gloves currently unavailable)
SInv    .            (boots currently unavailable)
Will    +....        (amulet unavailable)
Stlth   ++           (ring unavailable)
HPRegen 0.29/turn    (ring unavailable)
MPRegen 0.11/turn    (no gizmo)

%: no passive effects
@: beast-form, revved
A: beast (slay +1), inability to train armour, off-hand wielding, slow wielding,
warmup strikes, no jewellery
a: Invent Gizmo, Begin Untransformation, Renounce Religion


You were on level 5 of the Dungeon.
You worshipped Ru.
Ru was aware of your devotion.
You were a hulking beast.
You visited 2 branches of the dungeon, and saw 6 of its levels.

You collected 322 gold pieces.
You spent 195 gold pieces at shops.

Inventory:

Hand Weapons
 f - a +0 sling (weapon) {Eadwine}
 h - a +0 short sword {Yuxuan}
 k - a +0 sling (offhand) {Mariya}
Missiles
 q - 10 poisoned darts
Armour
 a - a +0 helmet
 l - a +0 pair of boots
 y - a +2 robe of willpower (worn)
Talismans
 c - a beast talisman (active)
Wands
 b - a wand of flame (26)
 m - a wand of acid (5)
 u - a wand of mindburst (7)
Scrolls
 d - a scroll of enchant weapon {unknown}
 e - 3 scrolls of fear
 i - 2 scrolls of noise
 n - a scroll of brand weapon {unknown}
 o - a scroll of blinking
 p - 2 scrolls of enchant armour
 r - 2 scrolls of teleportation
 s - a scroll of identify {unknown}
 v - a scroll of butterflies
 w - 2 scrolls of poison
Potions
 g - 2 potions of heal wounds
 j - a potion of attraction {unknown}
 t - a potion of mutation {unknown}


   Skills:
 - Level 1.0 Fighting
 + Level 9.3 Ranged Weapons
 - Level 1.7 Dodging
 - Level 1.4 Stealth
 - Level 2.6 Unarmed Combat
 - Level 4.0 Evocations
 - Level 2.7 Shapeshifting


You had 7 spell levels left.
You didn't know any spells.
Your spell library contained the following spells:

 Spells                   Type           Power      Damage    Failure   Level
 Sandblast                Erth           0%         2d4       36%         1
 Cigotuvi's Dreadful Rot  Necr/Alch/Air  0%         N/A       50%         2
 Dispel Undead            Necr           0%         3d6       98%         4
 Martyr's Knell           Necr/Summ      0%         N/A       98%         4


Dungeon Overview and Level Annotations

Branches:
Dungeon (5/15)             Temple (1/1) D:4

Altars:
Cheibriados
Dithmenos
Elyvilon
Fedhas
Gozag
Hepliaklqana
Kikubaaqudgha
Makhleb
Ru
Trog
Vehumet
Wu Jian
Xom
Yredelemnul
Zin
The Shining One

Shops:
D:4 ?

Annotations:
D:3 exclusion: door
D:5 Edmund


Innate Abilities, Weirdness & Mutations

You are a hulking beast.
Your limbs bulge with bestial killing power. (Slay +1)
You cannot train Armour skill.
You can wield a second weapon in your off-hand.
It takes a long time for you to wield or remove held weapons.
Your first few attacks do less damage.
You cannot equip rings or amulets.


Message History

You shoot a sling bullet. The sling bullet hits the jelly!
You hear an angry hiss.
You shoot a sling bullet. The sling bullet hits the jelly.
You shoot a sling bullet. The sling bullet hits the jelly.
You kill the jelly!
A steam dragon comes into view.
You shoot a sling bullet. The sling bullet hits the steam dragon.
You shoot a sling bullet. The sling bullet hits the steam dragon.
You shoot a sling bullet. The sling bullet hits the steam dragon!
You shoot a sling bullet.
The sling bullet closely misses the steam dragon.
The steam dragon breathes steam at you. The ball of steam hits you!!
You're standing in a cloud of steam!
You shoot a sling bullet.
The sling bullet hits the steam dragon but does no damage.
You shoot a sling bullet. The sling bullet hits the steam dragon.
You are engulfed in a cloud of scalding steam.
The steam dragon barely misses you. The steam dragon claws you.
You are engulfed in a cloud of scalding steam.
You shoot a sling bullet.
The sling bullet closely misses the steam dragon.
You shoot a sling bullet.
The sling bullet hits the steam dragon but does no damage.
You are engulfed in a cloud of scalding steam.
* * * LOW HITPOINT WARNING * * *
The steam dragon bites you.
* * * LOW HITPOINT WARNING * * *
The steam dragon misses you.
You shoot a sling bullet.
The sling bullet hits the steam dragon but does no damage.
You shoot a sling bullet.
The sling bullet closely misses the steam dragon.
You are engulfed in a cloud of scalding steam.
* * * LOW HITPOINT WARNING * * *
The steam dragon bites you.
* * * LOW HITPOINT WARNING * * *
The steam dragon claws you.
You die...
Ru respects your ultimate sacrifice.

#......................
##....##.†...........## .
.......<#...#.........#..
...#........#............
...#...#..###.........#..
.......##.##...§§.§......
##....).......§§..§......
........#.....§........#
#..#....#.....§§hD#......
##.##..##.........# #....
. #............... ... #
#>..........##...# .
###........## #.... #
#...###..# ...#. .. ..#
..... .. ##. ..!# ..


You could see a steam dragon.

Vanquished Creatures
  Grinder (D:5)
  Sigmund (D:5)
  Eustachio (D:4)
  An ice beast (D:4)
  2 ogres (D:5)
  A centaur (D:5)
  A phantom (D:4)
  A gnoll sergeant (D:4)
  A scorpion (D:5)
  2 bombardier beetles
  A hound (D:5)
  3 jellies
  2 orc priests (D:4)
  2 orc wizards (D:3)
  3 adders
  10 gnolls
  A shadow imp (D:5)
  3 dart slugs (D:1)
  4 ribbon worms
  18 orcs
  8 ball pythons
  3 endoplasms (D:1)
  3 giant cockroaches (D:1)
  6 goblins
  7 hobgoblins
  2 jackals (D:3)
  3 quokkas
  10 bats
  2 frilled lizards
  7 kobolds
  4 rats
114 creatures vanquished.

Vanquished Creatures (others)
  A bombardier beetle (D:5)
1 creature vanquished.

Grand Total: 115 creatures vanquished

Notes
Turn   | Place    | Note
-------+----------+-------------------------------------------
     0 | D:1      | ragingrage the Coglin Shapeshifter began the quest for the
                  | Orb.
     0 | D:1      | Reached XP level 1. HP: 15/15 MP: 1/1
   224 | D:1      | Reached skill level 1 in Stealth
   224 | D:1      | Reached XP level 2. HP: 21/21 MP: 2/2
   292 | D:1      | Reached skill level 1 in Ranged Weapons
   553 | D:1      | Reached XP level 3. HP: 26/26 MP: 3/3
   832 | D:1      | Reached skill level 2 in Ranged Weapons
  1059 | D:2      | Reached XP level 4. HP: 32/32 MP: 4/4
  1419 | D:2      | Found a faded altar of an unknown god.
  1423 | D:2      | Got Plato's Incunabulum of the Xenolith
  1566 | D:2      | Reached skill level 3 in Ranged Weapons
  1602 | D:2      | Found a glowing golden altar of the Shining One.
  1857 | D:3      | Found a basalt altar of Yredelemnul.
  1857 | D:3      | Noticed a weeping skull
  1866 | D:3      | Reached XP level 5. HP: 37/37 MP: 5/5
  1938 | D:3      | Found a sacrificial altar of Ru.
  1970 | D:3      | Reached skill level 4 in Ranged Weapons
  2004 | D:3      | Became a worshipper of Ru the Awakened
  2399 | D:4      | Found a staircase to the Ecumenical Temple.
  2403 | Temple   | Entered the Ecumenical Temple
  2540 | D:4      | Noticed Eustachio
  2554 | D:4      | Killed Eustachio
  2555 | D:4      | Reached skill level 5 in Ranged Weapons
  2555 | D:4      | Reached XP level 6. HP: 23/43 MP: 6/6
  2722 | D:4      | Found Uhyomat's Magic Scroll Shoppe.
  2731 | D:4      | Bought a scroll of teleportation for 30 gold pieces
  2731 | D:4      | Bought a scroll of enchant armour for 75 gold pieces
  2731 | D:4      | Bought a scroll of butterflies for 40 gold pieces
  2731 | D:4      | Bought a scroll of poison for 40 gold pieces
  2731 | D:4      | Bought a scroll of noise for 10 gold pieces
  2986 | D:3      | Reached skill level 1 in Evocations
  3481 | D:4      | Reached XP level 7. HP: 48/48 MP: 7/7
  3559 | D:4      | Reached skill level 6 in Ranged Weapons
  3805 | D:4      | Found a blossoming altar of Fedhas.
  4080 | D:4      | Found a glowing silver altar of Zin.
  4080 | D:4      | Found an opulent altar of Gozag.
  4250 | D:5      | Entered Level 5 of the Dungeon
  4323 | D:5      | Gained mutation: You cannot train Armour skill. [Ru
                  | sacrifice]
  4323 | D:5      | Reached * piety under Ru
  4422 | D:5      | Reached skill level 7 in Ranged Weapons
  4544 | D:5      | Reached XP level 8. HP: 43/54 MP: 8/8
  4812 | D:5      | Noticed Sigmund
  4813 | D:5      | Found a burning altar of Makhleb.
  4815 | D:5      | Noticed Edmund
  4843 | D:5      | Noticed Grinder
  5772 | D:5      | Killed Sigmund
  5907 | D:5      | Reached skill level 8 in Ranged Weapons
  6151 | D:5      | Paralysed by Grinder for 5 turns
  6164 | D:5      | Killed Grinder
  6165 | D:5      | Reached skill level 9 in Ranged Weapons
  6278 | D:5      | HP: 2/54 [steam dragon (3)]
  6278 | D:5      | Slain by a steam dragon

Illustrated notes

Levels and vault maps discovered:
D:1:      dpeg_arrival_line_fractal, layout_loops_ring
D:2:      layout_loops_ring, basic_altar, shapermc_ecumenical_altar_rom_forum
D:3:      layout_rooms, mainiacjoe_overflow_paths,
          yredelemnul_forgotten_temple_becter
D:4:      layout_basic, grunt_temple_overflow_gold_and_silver,
          fedhas_altar_fruit_tree, temple_statues, serial_shops, shop,
          nicolae_grassy_gnolls, uniq_eustachio
D:5:      layout_cave_pools, bloody_makhleb, kennysheep_mini,
          minmay_misc_feat_more_columns, uniq_grinder, uniq_edmund, uniq_sigmund
Temple:   dpeg_chambers_temple

Skill      XL: |  1  2  3  4  5  6  7  8 |
---------------+-------------------------+-----
Stealth        | 1 |  1.4
Ranged Weapons | 1 2 3 5 7 9 |  9.3
Evocations     | 1 4 |  4.0
Fighting       | |  1.0
Dodging        | |  1.7
Unarmed Combat | |  2.6
Shapeshifting  | |  2.7

Action                     |  1- 3 |  4- 6 |  7- 9 || total
---------------------------+-------+-------+-------++-------
  Melee: Unarmed           |    10 |       |       ||    10
   Fire: Sling             |   127 |   306 |   274 ||   707
  Throw: Dart              |       |     1 |     1 ||     2
 Invoke: Sacrifice Durabil |       |       |     1 ||     1
  Evoke: Wand              |       |     3 |     3 ||     6
    Use: Scroll            |       |     1 |     1 ||     2
         Potion            |       |     1 |     1 ||     2
 Armour: Animal skin       |    31 |    38 |       ||    69
         Ring mail         |       |       |    39 ||    39
         Robe              |       |       |    13 ||    13
         Skin              |       |       |     4 ||     4
  Dodge: Dodged            |    42 |    37 |    26 ||   105

Table legend: (Time is in decaauts)
 A = Elapsed time spent in this place.
 B = Non-inter-level travel time spent in this place.
 C = Inter-level travel time spent in this place.
 D = Time resting spent in this place.
 E = Time spent auto-exploring this place.
 F = Levels seen in this place.
 G = Mean time per level.
                   A        B        C        D        E       F      G
               +--------+--------+--------+--------+--------+-----+--------+
         Total |   6363 |   5650 |    713 |   2213 |   2458 |   6 | 1060.5 |
       Dungeon |   6361 |   5648 |    713 |   2213 |   2458 |   5 | 1272.2 |
        Temple |      1 |      1 |      0 |      0 |      0 |   1 |    1.0 |
               +--------+--------+--------+--------+--------+-----+--------+

Top non-repeatable levels by time:
     D:4: 1748 daAuts
     D:5: 1599 daAuts
     D:3: 1141 daAuts
     D:1: 986 daAuts
     D:2: 885 daAuts
  Temple: 1 daAuts
